 Dungeon Sprint DCSS version 0.28-a0-1234-g826d19b2e0 (webtiles) character file.

Game seed: 10331716692934197477

181264 mhtbhm the Conqueror (level 16, -6/274 HPs)
             Began as a Green Draconian Berserker on Dec 23, 2021.
             Was the Champion of Trog.
             Mangled by a vault guard (10 damage)
             ... in the Dungeon (Sprint IX: "|||||||||||||||||||||||||||||").
             The game lasted 00:15:55 (8460 turns).

mhtbhm the Conqueror (Green Draconian Berserker)    Turns: 8460, Time: 00:15:56

Health: -6/274     AC: 19    Str: 28    XL:     16   Next: 22%
Magic:  16/16      EV: 22    Int:  9    God:    Trog [******]
Gold:   1752       SH:  0    Dex: 12    Spells: 15/15 levels left

rFire   . . .      SeeInvis .   s - +4 dire flail (vorpal)
rCold   . . .      Faith    .   (shield currently unavailable)
rNeg    . . .      Spirit   .   (armour unavailable)
rPois   +          Reflect  .   H - +1 hat
rElec   .          Harm     .   u - +0 cloak {rCorr}
rCorr   +          Rampage  .   A - +1 pair of gloves
Will    +....      NoTele   +   B - +1 pair of boots
Stlth   ..........              F - amulet of regeneration
HPRegen 1.35/turn               G - +4 ring of protection
MPRegen 0.15/turn               l - +3 ring of strength

@: berserking, very quick
A: breathe noxious fumes, AC +9, unfitting armour, stinger 1, poison resistance,
cold-blooded
}: 4/17 runes: decaying, serpentine, barnacled, gossamer
a: Breathe Noxious Fumes, Renounce Religion, Berserk, Trog's Hand, Brothers in
Arms


You were in the Dungeon.
You worshipped Trog.
Trog was exalted by your worship.
You visited 1 branch You collected 1937 gold pieces.
You spent 185 gold pieces at shops.

Inventory:

Hand Weapons
 a - the +6 dire flail of Huutuur {antimagic, Dex+2}
   (Trog gifted it to you in the Dungeon)

   It reduces the magical energy of the wielder, and disrupts the spells and
   magical abilities of those it strikes.
   Natural abilities and divine invocations are not affected.
   Dex:       It affects your dexterity (+2).
 d - a +3 trishula of holy wrath
 s - a +4 vorpal dire flail (weapon)
 z - a +5 great mace of flaming
Missiles
 w - 5 throwing nets (quivered)
 C - 10 javelins
Armour
 u - a +0 cloak of preservation (worn)
 A - a +1 pair of gloves (worn)
 B - a +1 pair of boots (worn)
 H - a +1 hat (worn)
Jewellery
 l - a +3 ring of strength (right hand)
 y - a ring of see invisible
 E - a +2 ring of slaying
 F - an amulet of regeneration (around neck)
 G - a +4 ring of protection (left hand)
Wands
 i - a wand of iceblast (7)
 t - a wand of paralysis (9)
Scrolls
 g - 2 scrolls of blinking
 j - a scroll of immolation
 k - 2 scrolls of fear
 n - 4 scrolls of magic mapping
 o - 2 scrolls of fog
 p - 4 scrolls of enchant armour
 q - 13 scrolls of enchant weapon
 r - a scroll of summoning
 v - 3 scrolls of identify
Potions
 b - 5 potions of curing
 c - 15 potions of heal wounds
 e - 4 potions of magic
 f - 2 potions of berserk rage
 h - a potion of invisibility
 m - 2 potions of might
 x - a potion of flight


   Skills:
 O Level 27 Fighting
 O Level 27 Maces & Flails
 + Level 23.9 Dodging
 + Level 22.6 Stealth
 + Level 4.0 Evocations


You had 15 spell levels left.
You didn't know any spells.
Your spell library was empty.

Dungeon Overview and Level Annotations

Branches:
Dungeon (1/1)

Altars:
Cheibriados
Dithmenos
Elyvilon
Fedhas
Gozag
Hepliaklqana
Kikubaaqudgha
Makhleb
Nemelex Xobeh
Okawaru
Qazlal
Ru
Sif Muna
Trog
Uskayaw
Vehumet
Wu Jian
Xom
Yredelemnul
Zin
The Shining One
Beogh
Jiyva
Lugonu

Shops:
D :(:?


Innate Abilities, Weirdness & Mutations

You can breathe blasts of noxious fumes.
Your lurid green scales are hard. (AC +9)
You cannot fit into any form of body armour.
Your tail ends in a venomous barb.
Your system is resistant to poisons. (rPois)
You are cold-blooded and may be slowed by cold attacks.


Message History

You hit the vault guard but do no damage.
You tail-slap the vault guard.
The vault guard is severely wounded.
The vault guard closely misses you.
You barely miss the vault guard.
The vault guard is severely wounded.
You barely miss the vault guard.
Your tail-slap misses the vault guard.
The vault guard is severely wounded.
The vault guard hits you from afar with a +0 bardiche!
* * * LOW HITPOINT WARNING * * *
The vault guard hits you with a +0 battleaxe.
* * * LOW HITPOINT WARNING * * *
You bludgeon the vault guard!!
You feel the power of Trog in you as your rage grows.
You kill the vault guard!
Trog accepts your kill.
Unknown command.
The vault guard hits you but does no damage.
The vault guard hits you from afar with a +0 bardiche!!
* * * LOW HITPOINT WARNING * * *
Things that are here:
a +0 battleaxe; a +0 chain mail You barely miss the vault guard.
You tail-slap the vault guard, but do no damage.
Unknown command.
You closely miss the vault guard. You tail-slap the vault guard!
The vault guard is poisoned.
The vault guard is lightly wounded.
The vault guard hits you with a +0 bardiche.
* * * LOW HITPOINT WARNING * * *
You stick the vault guard like a pincushion!!!
The vault guard is severely wounded.
The vault guard hits you from afar with a +0 bardiche!
* * * LOW HITPOINT WARNING * * *
Unknown command.
You hit the vault guard. You tail-slap the vault guard.
The vault guard looks even sicker.
The vault guard is severely wounded.
The vault guard hits you with a +0 bardiche!
You die...

.......))))))...[[[[=............
▓▓▓▓▓▓▓▓▓▓▓▓▓▓▓▓▓▓▓▓▓▓▓▓▓▓▓▓▓▓▓▓▓
)................................
▓▓▓▓▓▓▓▓▓▓▓▓▓▓▓▓▓▓▓▓♣♣♣♣♣♣♣♣♣♣♣♣♣
......'))).)).)))))†÷÷÷).........
▓▓▓▓▓▓▓▓▓▓▓▓▓▓▓▓▓▓▓▓♣♣♣♣♣♣♣♣♣♣♣♣♣
.................................
▓▓▓▓▓▓▓▓▓▓▓▓▓▓▓▓▓▓▓▓▓▓▓▓▓▓▓▓▓▓▓▓▓
)))))......)))))@pp..+
▓▓▓▓▓▓▓▓▓▓▓▓▓▓▓▓▓▓▓▓▓▓


You could see 2 vault guards.

Vanquished Creatures
  Mennas (D)
  Mara (D)
  Frederick (D)
  Nikola (D)
  Frances (D)
  2 tengu reavers (D)
  3 nagarajas (D)
  Ilsuiw (D)
  4 ghost moths (D)
  An orc warlord (D)
  2 vault wardens (D)
  Aizul (D)
  2 stone giants (D)
  3 emperor scorpions (D)
  A spriggan defender (D)
  2 ironbound thunderhulks (D)
  An ironbound preserver (D)
  2 very ugly things (D)
  A bunyip (D)
  Snorg (D)
  4 merfolk javelineers (D)
  An ettin (D)
  3 merfolk impalers (D)
  A yaktaur captain (D)
  2 fire dragons (D)
  Harold (D)
  A boulder beetle (D)
  4 great orbs of eyes (D)
  9 hydras (D)
  3 naga warriors (D)
  23 vault guards (D)
  2 spriggan air magi (D)
  A ghost crab (D)
  An alligator snapping turtle (D)
  2 merfolk avatars (D)
  An alligator (D)
  3 merfolk aquamancers (D)
  3 centaur warriors (D)
  A two-headed ogre (D)
  A vampire mage (D)
  A deep troll shaman (D)
  A naga sharpshooter (D)
  8 orc high priests (D)
  A sea snake (D)
  A glowing orange brain (D)
  A flayed ghost (D)
  2 swamp dragons (D)
  3 wizards (D)
  2 orc knights (D)
  3 wolf spiders (D)
  A necromancer (D)
  2 lindwurms (D)
  A harpy (D)
  An orc sorcerer (D)
  An ugly thing (D)
  A cyclops (D)
  A salamander (D)
  A will-o-the-wisp (D)
  A manticore (D)
  A deep elf pyromancer (D)
  Maurice (D)
  5 black mambas (D)
  A vault sentinel (D)
  4 cane toads (D)
  3 naga magi (D)
  A guardian serpent (D)
  2 komodo dragons (D)
  A demonic crawler (D)
  3 trolls (D)
  5 jumping spiders (D)
  5 merfolk (D)
  A tyrant leech (D)
  2 hornets (D)
  A blink frog (D)
  A blink frog (shapeshifter) (D)
  A wind drake (D)
  2 slime creatures (D)
  A spriggan (D)
  A water elemental (D)
  2 redbacks (D)
  3 tarantellas (D)
  2 yaks (D)
  A wyvern (D)
  2 basilisks (D)
  Grum (D)
  2 wargs (D)
  2 vampire mosquitoes (D)
  2 water moccasins (D)
  2 acid dragons (D)
  2 swamp drakes (D)
  9 orc warriors (D)
  11 wolves (D)
  A scorpion (D)
  2 killer bees (D)
  A howler monkey (D)
  9 orc priests (D)
  4 orc wizards (D)
  7 orcs (D)
  3 ball pythons (D)
  A bat zombie (D)
  An endoplasm (D)
  A ball python zombie (D)
  A quokka zombie (D)
  A rat (D)
247 creatures vanquished.

Vanquished Creatures (collateral kills)
  Sojobo (D)
  A sphinx (D)
  A storm dragon (D)
  3 nagarajas (D)
  A frost giant (D)
  A vault warden (D)
  A stone giant (D)
  A fire dragon (D)
  2 great orbs of eyes (D)
  A guardian serpent (D)
  A yaktaur (D)
  A jumping spider (D)
  2 nagas (D)
  A swamp drake (D)
18 creatures vanquished.

Vanquished Creatures (others)
  A hydra (D)
  A swamp dragon (D)
  A foxfire (D)
3 creatures vanquished.

Grand Total: 268 creatures vanquished

Notes
Turn   | Place    | Note
-------+----------+-------------------------------------------
     0 | D        | mhtbhm the Draconian Berserker began the quest for the Orb.
     0 | D        | Reached XP level 1. HP: 19/19 MP: 1/1
     6 | D        | Reached ** piety under Trog
   118 | D        | Noticed a howler monkey
   118 | D        | Noticed a scorpion
   121 | D        | Killed a howler monkey
   122 | D        | Reached skill level 5 in Fighting
   122 | D        | Reached XP level 2. HP: 29/29 MP: 2/2
   122 | D        | Reached XP level 3. HP: 36/36 MP: 3/3
   122 | D        | Reached *** piety under Trog
   125 | D        | Killed a scorpion
   126 | D        | Reached skill level 5 in Dodging
   126 | D        | Reached XP level 4. HP: 45/45 MP: 4/4
   148 | D        | Found a snail-covered altar of Cheibriados.
   148 | D        | Found a shadowy altar of Dithmenos.
   148 | D        | Found a white marble altar of Elyvilon.
   148 | D        | Found a blossoming altar of Fedhas.
   148 | D        | Found an opulent altar of Gozag.
   149 | D        | Found a hazy altar of Hepliaklqana.
   150 | D        | Found a viscous altar of Jiyva.
   151 | D        | Found an ancient bone altar of Kikubaaqudgha.
   152 | D        | Found a corrupted altar of Lugonu.
   153 | D        | Found a burning altar of Makhleb.
   154 | D        | Found a sparkling altar of Nemelex Xobeh.
   155 | D        | Found an iron altar of Okawaru.
   156 | D        | Found a stormy altar of Qazlal.
   157 | D        | Found a sacrificial altar of Ru.
   158 | D        | Found a shimmering blue altar of Sif Muna.
   159 | D        | Found a bloodstained altar of Trog.
   160 | D        | Found a hide-covered altar of Uskayaw.
   161 | D        | Found a radiant altar of Vehumet.
   162 | D        | Found an ornate altar of the Wu Jian Council.
   163 | D        | Found a shimmering altar of Xom.
   164 | D        | Found a basalt altar of Yredelemnul.
   165 | D        | Found a glowing silver altar of Zin.
   166 | D        | Found a glowing golden altar of the Shining One.
   289 | D        | Noticed a troll
   289 | D        | Noticed a troll
   289 | D        | Noticed a hornet
   294 | D        | Killed a troll
   295 | D        | Reached skill level 1 in Stealth
   295 | D        | Reached XP level 5. HP: 56/56 MP: 5/5
   295 | D        | Reached XP level 6. HP: 62/62 MP: 6/6
   295 | D        | Reached **** piety under Trog
   301 | D        | Killed a troll
   302 | D        | Reached skill level 10 in Maces & Flails
   302 | D        | Your scales start taking on a lurid green colour.
   302 | D        | Reached XP level 7. HP: 71/71 MP: 7/7
   302 | D        | Gained mutation: Your system is resistant to poisons.
                  | (rPois) [Green Draconian growth]
   309 | D        | Reached skill level 10 in Fighting
   315 | D        | Killed a hornet
   350 | D        | Noticed a cyclops
   350 | D        | Noticed a two-headed ogre
   350 | D        | Noticed a centaur warrior
   350 | D        | Noticed a troll
   353 | D        | Killed a troll
   354 | D        | Reached XP level 8. HP: 81/81 MP: 8/8
   355 | D        | Killed a cyclops
   355 | D        | Reached ***** piety under Trog
   359 | D        | Reached skill level 10 in Dodging
   361 | D        | Killed a two-headed ogre
   362 | D        | Reached XP level 9. HP: 71/91 MP: 9/9
   363 | D        | Killed a centaur warrior
   667 | D        | Noticed a komodo dragon
   667 | D        | Noticed a cane toad
   667 | D        | Noticed a cane toad
   670 | D        | Noticed a cane toad
   673 | D        | Killed a komodo dragon
   675 | D        | Killed a cane toad
   678 | D        | Killed a cane toad
   678 | D        | Received a gift from Trog
   682 | D        | Reached skill level 15 in Maces & Flails
   682 | D        | Reached XP level 10. HP: 103/103 MP: 10/10
   689 | D        | Killed a cane toad
   690 | D        | Reached skill level 5 in Stealth
   813 | D        | Noticed a black mamba
   813 | D        | Noticed a cane toad
   813 | D        | Noticed an eight-headed hydra
   820 | D        | Killed a black mamba
   827 | D        | Killed an eight-headed hydra
   827 | D        | Reached ****** piety under Trog
   827 | D        | Received a gift from Trog
   828 | D        | Reached skill level 15 in Fighting
   831 | D        | Killed a cane toad
   994 | D        | Received a gift from Trog
  1088 | D        | Noticed Maurice
  1100 | D        | Killed Maurice
  1101 | D        | Reached XP level 11. HP: 114/114 MP: 11/11
  1153 | D        | Noticed an orc high priest
  1155 | D        | Received a gift from Trog
  1163 | D        | Killed an orc high priest
  1169 | D        | Received a gift from Trog
  1255 | D        | Noticed an orc sorcerer
  1256 | D        | Received a gift from Trog
  1259 | D        | Killed an orc sorcerer
  1267 | D        | Noticed an orc high priest
  1276 | D        | Noticed an orc knight
  1284 | D        | Received a gift from Trog
  1285 | D        | Killed an orc high priest
  1292 | D        | Killed an orc knight
  1409 | D        | Found Lusair's Book Emporium.
  1409 | D        | Noticed an orc high priest
  1409 | D        | Noticed an orc high priest
  1410 | D        | Noticed an orc high priest
  1415 | D        | Killed an orc high priest
  1417 | D        | Killed an orc high priest
  1418 | D        | Found Daol's Antique Weapon Shoppe.
  1421 | D        | Found Guphurac's Book Emporium.
  1425 | D        | Killed an orc high priest
  1425 | D        | Received a gift from Trog
  1426 | D        | Found Tilo's Magic Scroll Shoppe.
  1432 | D        | Noticed an orc high priest
  1436 | D        | Noticed an orc high priest
  1436 | D        | Noticed an orc high priest
  1465 | D        | Noticed a soul eater
  1823 | D        | Killed an orc high priest
  1824 | D        | Reached skill level 10 in Stealth
  1862 | D        | Killed an orc high priest
  1862 | D        | Received a gift from Trog
  1868 | D        | Killed an orc high priest
  2001 | D        | Bought a scroll of enchant weapon for 75 gold pieces
  2001 | D        | Bought a scroll of immolation for 35 gold pieces
  2001 | D        | Bought a scroll of identify for 20 gold pieces
  2001 | D        | Bought a scroll of identify for 20 gold pieces
  2001 | D        | Bought a scroll of magic mapping for 35 gold pieces
  2053 | D        | Noticed Harold
  2063 | D        | Killed Harold
  2139 | D        | Received a gift from Trog
  2148 | D        | Noticed Grum
  2158 | D        | Killed Grum
  2266 | D        | Noticed an orc knight
  2266 | D        | Noticed a centaur warrior
  2266 | D        | Noticed a deep elf pyromancer
  2267 | D        | Noticed a boulder beetle
  2276 | D        | Killed an orc knight
  2277 | D        | Reached XP level 12. HP: 126/129 MP: 12/12
  2277 | D        | Noticed a stone giant
  2278 | D        | Killed a centaur warrior
  2284 | D        | Noticed an ettin
  2293 | D        | Noticed a great orb of eyes
  2296 | D        | Killed a boulder beetle
  2296 | D        | Received a gift from Trog
  2301 | D        | Killed a stone giant
  2303 | D        | Noticed a fire dragon
  2304 | D        | Noticed a fire dragon
  2311 | D        | Killed an ettin
  2314 | D        | Killed a great orb of eyes
  2318 | D        | Killed a fire dragon
  2324 | D        | Killed a fire dragon
  2324 | D        | Received a gift from Trog
  2625 | D        | Noticed Snorg
  2638 | D        | Killed Snorg
  2705 | D        | Noticed Aizul
  2722 | D        | Killed Aizul
  2900 | D        | Noticed a bunyip
  2900 | D        | Noticed a ghost crab
  2903 | D        | Identified the +6 dire flail of Huutuur {antimagic, Dex+2}
                  | (Trog gifted it to you in the Dungeon)
  2903 | D        | Received a gift from Trog
  2906 | D        | Noticed a six-headed hydra
  2910 | D        | Killed a bunyip
  2910 | D        | Noticed an alligator
  2911 | D        | Reached skill level 1 in Evocations
  2921 | D        | Killed a six-headed hydra
  2923 | D        | Killed a ghost crab
  2930 | D        | Killed an alligator
  3014 | D        | Noticed a merfolk impaler
  3015 | D        | Noticed an alligator snapping turtle
  3020 | D        | Received a gift from Trog
  3021 | D        | Reached XP level 13. HP: 89/143 MP: 13/13
  3023 | D        | Killed a merfolk impaler
  3024 | D        | Noticed a merfolk javelineer
  3267 | D        | Killed a merfolk javelineer
  3267 | D        | Received a gift from Trog
  3349 | D        | Reached skill level 15 in Dodging
  3352 | D        | Received a gift from Trog
  3502 | D        | Reached skill level 15 in Stealth
  3508 | D        | Received a gift from Trog
  3530 | D        | Received a gift from Trog
  3824 | D        | Noticed Frances
  3835 | D        | Killed Frances
  4057 | D        | Noticed a spriggan defender
  4058 | D        | Noticed a sphinx
  4064 | D        | Identified the +6 mace of Gravity {vorpal, Will+} (Trog
                  | gifted it to you in the Dungeon)
  4064 | D        | Received a gift from Trog
  4066 | D        | Killed a spriggan defender
  4067 | D        | Noticed a fire dragon
  4073 | D        | Noticed a storm dragon
  4073 | D        | Noticed a stone giant
  4080 | D        | Killed a sphinx
  4080 | D        | Received a gift from Trog
  4083 | D        | Killed a fire dragon
  4084 | D        | Killed a stone giant
  4085 | D        | Killed a storm dragon
  4089 | D        | Received a gift from Trog
  4090 | D        | Noticed a frost giant
  4095 | D        | Noticed a stone giant
  4101 | D        | Killed a frost giant
  4102 | D        | Gained mutation: Your tail ends in a venomous barb. [Green
                  | Draconian growth]
  4102 | D        | Reached XP level 14. HP: 50/159 MP: 14/14
  4104 | D        | Killed a stone giant
  4189 | D        | Noticed a white very ugly thing
  4238 | D        | Killed a white very ugly thing
  4275 | D        | Received a gift from Trog
  4595 | D        | Noticed an ironbound preserver
  4595 | D        | Noticed an ironbound thunderhulk
  4602 | D        | Noticed an ironbound thunderhulk
  4603 | D        | Killed an ironbound preserver
  4603 | D        | Received a gift from Trog
  4611 | D        | Killed an ironbound thunderhulk
  4612 | D        | Noticed a vault warden
  4616 | D        | Noticed an orc warlord
  4626 | D        | Killed an ironbound thunderhulk
  4630 | D        | Killed a vault warden
  4631 | D        | Noticed a vault warden
  4636 | D        | Noticed a vault warden
  4639 | D        | Received a gift from Trog
  4643 | D        | Killed an orc warlord
  4650 | D        | Killed a vault warden
  4659 | D        | Killed a vault warden
  4687 | D        | Noticed a white very ugly thing
  4977 | D        | Killed a white very ugly thing
  4984 | D        | Received a gift from Trog
  5290 | D        | Noticed Mara
  5300 | D        | Noticed a tengu reaver
  5302 | D        | Noticed mhtbhm's illusion
  5302 | D        | Noticed a tengu reaver
  5303 | D        | Noticed Sojobo
  5306 | D        | Killed Mara
  5802 | D        | Killed a tengu reaver
  6197 | D        | Killed a tengu reaver
  6197 | D        | Received a gift from Trog
  6332 | D        | Killed Sojobo
  6947 | D        | Noticed Nikola
  6957 | D        | Killed Nikola
  6958 | D        | Reached skill level 27 in Fighting
  7024 | D        | Noticed a nagaraja
  7024 | D        | Noticed a nagaraja
  7024 | D        | Noticed a nagaraja
  7025 | D        | Noticed a nagaraja
  7033 | D        | Killed a nagaraja
  7033 | D        | Identified the +7 quick blade of Diet Blood {flame, Str+2
                  | SInv} (Trog gifted it to you in the Dungeon)
  7033 | D        | Received a gift from Trog
  7038 | D        | Noticed a nagaraja
  7044 | D        | Killed a nagaraja
  7045 | D        | Noticed a nagaraja
  7048 | D        | Killed a nagaraja
  7049 | D        | Reached XP level 15. HP: 174/174 MP: 15/15
  7051 | D        | Killed a nagaraja
  7054 | D        | Killed a nagaraja
  7054 | D        | Received a gift from Trog
  7056 | D        | Killed a nagaraja
  7076 | D        | Received a gift from Trog
  7088 | D        | Got a serpentine rune of Zot
  7262 | D        | Noticed Ilsuiw
  7272 | D        | Received a gift from Trog
  7290 | D        | Killed Ilsuiw
  7295 | D        | Received a gift from Trog
  7302 | D        | Received a gift from Trog
  7312 | D        | Got a barnacled rune of Zot
  7375 | D        | Identified the +1 great mace "Giulobie" {flame, Will+}
                  | (Trog gifted it to you in the Dungeon)
  7375 | D        | Received a gift from Trog
  7658 | D        | Got a decaying rune of Zot
  7757 | D        | Received a gift from Trog
  7764 | D        | Killed a ghost moth
  7783 | D        | Killed a ghost moth
  7798 | D        | Received a gift from Trog
  7934 | D        | Noticed a ghost moth
  7940 | D        | Killed a ghost moth
  8056 | D        | Got a gossamer rune of Zot
  8071 | D        | Killed a ghost moth
  8174 | D        | Noticed Frederick
  8180 | D        | Noticed Mennas
  8191 | D        | Killed Frederick
  8220 | D        | Killed Mennas
  8220 | D        | Received a gift from Trog
  8221 | D        | Reached skill level 27 in Maces & Flails
  8336 | D        | Received a gift from Trog
  8352 | D        | Reached XP level 16. HP: 149/183 MP: 16/16
  8392 | D        | Received a gift from Trog
  8433 | D        | Received a gift from Trog
  8458 | D        | HP: 12/274 [vault guard (4)]
  8459 | D        | HP: 3/274 [vault guard (9)]
  8460 | D        | Mangled by a vault guard

Illustrated notes

Levels and vault maps discovered:
D:        linesprint [early_d, line_temple, items_1, d_10, items_2, lair_1,
          lair_end, items_3, orc_1, orc_end, items_4, d_15, swamp_1, shoals_1,
          snake_1, spider_1, d_20, vaults_1, items_5, swamp_end, shoals_end,
          snake_end, spider_end, vaults_end, d_27, items_6, zot_1, zot_end,
          crypt_end, forest_end, elf_end, slime_end, tomb_end, abyss_end,
          pan_hell_end]

Skill      XL: |  1  2  3  4  5  6  7  8  9 10 11 12 13 14 15 16 |
---------------+-------------------------------------------------+-----
Dodging        | 4 5 7 8 9 10 11 12 13 14 16 18 22 23 | 23.9
Fighting       | 5 6 8 9 10 12 14 16 18 21 24 27 | 27.0
Maces & Flails | 4 6 8 10 11 13 15 17 18 20 21 24 27 | 27.0
Stealth        | 1 2 3 4 6 11 14 16 18 21 22 | 22.6
Evocations     | 1 3 4 |  4.0

Action                   |  1- 3 |  4- 6 |  7- 9 | 10-12 | 13-15 | 16-18 || total
-------------------------+-------+-------+-------+-------+-------+-------++-------
Melee: Mace              |    14 |     2 |       |       |       |       ||    16
       Dire flail        |       |    10 |    42 |   276 |   474 |    73 ||   875
       Tailslap          |       |     2 |     5 |    53 |    89 |    25 ||   174
Invok: Berserk           |     1 |     1 |     1 |     6 |    14 |     1 ||    24
       Brothers in Arms  |       |       |       |       |     7 |       ||     7
       Trog's Hand       |       |       |       |       |     2 |       ||     2
 Abil: Breathe Noxious F |       |       |     2 |    14 |    14 |     2 ||    32
Evoke: Wand              |       |       |       |     1 |     2 |       ||     3
  Use: Scroll            |       |       |       |     1 |     3 |       ||     4
       Potion            |       |       |       |       |     7 |       ||     7
 Stab: Confused          |       |       |     4 |    16 |    13 |     7 ||    40
       Paralysed         |       |       |       |     2 |       |       ||     2
       Sleeping          |       |       |       |       |     2 |       ||     2
Armor: Skin              |     3 |     5 |     9 |    42 |   159 |     3 ||   221
Dodge: Dodged            |     4 |     7 |    20 |   139 |   269 |    27 ||   466

Table legend: (Time is in decaauts)
 A = Elapsed time spent in this place.
 B = Non-inter-level travel time spent in this place.
 C = Inter-level travel time spent in this place.
 D = Time resting spent in this place.
 E = Time spent auto-exploring this place.
 F = Levels seen in this place.
 G = Mean time per level.
                   A        B        C        D        E       F      G
               +--------+--------+--------+--------+--------+-----+--------+
         Total |   8319 |   8319 |      0 |   4343 |   1510 |   1 | 8319.0 |
       Dungeon |   8319 |   8319 |      0 |   4343 |   1510 |   1 | 8319.0 |
               +--------+--------+--------+--------+--------+-----+--------+

Top non-repeatable levels by time:
       D: 8319 daAuts
